 Dungeon Crawl Stone Soup version 0.26-a0-851-g735459dd53 (webtiles) character file.

Game seed: 520558683532285545

91 James the Magician (level 4, -6/35 HPs)
             Began as a Palentonga Hedge Wizard on Nov 21, 2020.
             Mangled by a wyvern zombie (10 damage)
             ... on level 3 of the Dungeon.
             The game lasted 00:19:47 (3572 turns).

James the Magician (Palentonga Hedge Wizard)        Turns: 3572, Time: 00:19:47

Health: -6/35      AC:  5    Str: 13    XL:     4   Next: 33%
Magic:  5/9        EV: 10    Int: 15    God:
Gold:   95         SH:  0    Dex: 10    Spells: 3/10 levels left

rFire    . . .     SeeInvis +   a - +0 dagger (venom)
rCold    . . .     Faith    .   (no shield)
rNeg     . . .     Spirit   .   b - +0 robe
rPois    .         Reflect  .   c - +0 hat
rElec    .         Harm     .   (no cloak)
rCorr    .         Rampage  .   s - +0 pair of gloves
MR       .....                  (no barding)
Stlth    +.........             (no amulet)
HPRegen  0.11/turn              (no ring)
MPRegen  0.11/turn              (no ring)

@: confused, very slightly contaminated
A: large, rugged brown scales 3, see invisible, deformed body, roll 1, armoured
tail
a: Rolling Charge


You were on level 3 of the Dungeon.
You visited 1 branch of the dungeon, and saw 3 of its levels.

You collected 95 gold pieces.

Inventory:

Hand Weapons
 a - a +0 dagger of venom (weapon)
   (You took it off a kobold on level 2 of the Dungeon)
 p - a +0 short sword
   (You took it off a kobold on level 1 of the Dungeon)
 u - a cursed -3 whip
   (You found it on level 2 of the Dungeon)
 v - a +0 hunting sling
   (You found it on level 2 of the Dungeon)
Missiles
 k - 32 sling bullets
 m - 14 stones (quivered)
 q - 34 bolts
 y - 24 arrows
Armour
 b - a +0 robe (worn)
 c - a +0 hat (worn)
 s - a +0 pair of gloves (worn)
   (You found it on level 2 of the Dungeon)
 w - a +0 ring mail
   (You found it on level 2 of the Dungeon)
 z - a +0 chain mail
   (You found it on level 3 of the Dungeon)
Scrolls
 d - a scroll of identify {unknown}
 e - 2 scrolls of enchant weapon {unknown}
 g - a scroll of fear {unknown}
 h - 3 scrolls of teleportation {unknown}
 j - a scroll of magic mapping {unknown}
 l - a scroll of immolation {unknown}
 r - 2 scrolls of remove curse {unknown}
 t - a scroll of random uselessness {unknown}
Potions
 f - a potion of haste {unknown}
 i - a potion of magic {unknown}
 n - a potion of heal wounds {unknown}
 x - a potion of attraction {unknown}
 A - a potion of brilliance {unknown}


   Skills:
 - Level 1.5 Dodging
 - Level 1.2 Stealth
 + Level 3.5 Spellcasting
 * Level 2.6 Conjurations
 + Level 1.4 Summonings
 + Level 1.7 Translocations


You had 3 spell levels left.
You knew the following spells:

 Your Spells              Type           Power        Failure   Level
a - Magic Dart            Conj           ##..         6%          1
b - Blink                 Tloc           N/A          14%         2
s - Slow                  Hex            #.......     28%         2
x - Call Imp              Summ           #.......     16%         2

Your spell library contained the following spells:

 Spells                   Type           Power        Failure   Level
 Conjure Flame            Conj/Fire      #.......     32%         3
 Mephitic Cloud           Conj/Pois/Air  #.......     36%         3


Dungeon Overview and Level Annotations

Branches:
Dungeon (3/15)

Altars:


Innate Abilities, Weirdness & Mutations

You are completely covered in rugged brown scales. (AC +3, +7% HP)
You have supernaturally acute eyesight. (SInv)
Armour fits poorly on your strangely shaped body.
You can roll at nearby foes to attack.
You have a long armoured tail.


Message History

The magic dart hits the adder.
The adder bites you.
Your crimson imp hits the adder.
Your crimson imp blinks!
The adder completely misses you.
Your magical contamination has completely faded away.
Aim: an adder (severely wounded)
The magic dart hits the adder.
Your crimson imp hits the adder.
The adder dies!
You start resting.
Your crimson imp disappears in a puff of smoke! x2
You start resting.
You see here an adder corpse.
There is an open door here.
q - 34 bolts (gained 27)
Found a green potion.
A rat comes into view.
You closely miss the rat. You hit the rat.
The rat is poisoned.
Your tail-slap misses the rat.
The rat barely misses you.
You hit the rat but do no damage.
The rat looks even sicker.
You kill the rat!
You see here a rat corpse.
You now have 95 gold pieces (gained 14).
A - a green potion You open the door.
There is an open door here.
A wyvern zombie comes into view.
You miscast Call Imp.
You are very lightly contaminated with residual magic.
Nothing appears to happen.
The wyvern zombie bites you!
A beastly little devil appears in a puff of flame.
The wyvern zombie barely misses you. The wyvern zombie bites you!
* * * LOW HITPOINT WARNING * * *
A beastly little devil appears in a puff of flame.
The wyvern zombie barely misses you.
You miscast Call Imp.
Nothing appears to happen.
The wyvern zombie bites you!
* * * LOW HITPOINT WARNING * * *
Your crimson imp blinks!
You don't have enough magic to cast that spell.
Okay, then.
Okay, then.
Unknown command.
Okay, then.
Unknown command.
It was a potion of ambrosia.
You are confused.
You feel invigorated.
The wyvern zombie bites you but does no damage.
The wyvern zombie bites you!
You die...

#.#.# #<#†#####
###########.#.....#
#...........#.###.#
###########.#.# #.#
############ #.#.# #.#
#..........# #.#.# #.#
#Z######.### #.#
##.#####.@5.......###.####
...............†..........
########§..........##.#.##
#...........##.#.##
#####'######'##.##.#.##
#............##.##.#.##
#......................
#.......############.##
#......†# #.##


You could see a wyvern zombie and a friendly crimson imp (summoned).

Vanquished Creatures
  An adder (D:2)
  An ooze (D:2)
  A worm (D:2)
  2 dart slugs
  4 leopard geckos
  5 bats
  3 giant cockroaches
  4 goblins
  6 hobgoblins
  5 jackals
  9 kobolds
  A quokka (D:2)
  2 ball pythons
  A frilled lizard (D:1)
  7 rats
52 creatures vanquished.

Vanquished Creatures (collateral kills)
  An adder (D:3)
  A worm (D:3)
  An orc (D:3)
  A jackal (D:2)
  A quokka (D:2)
  A goblin (D:2)
6 creatures vanquished.

Grand Total: 58 creatures vanquished

Notes
Turn   | Place    | Note
-------+----------+-------------------------------------------
     0 | D:1      | James the Palentonga Hedge Wizard began the quest for the
                  | Orb.
     0 | D:1      | Reached XP level 1. HP: 14/14 MP: 4/4
   215 | D:1      | Reached skill level 1 in Conjurations
   751 | D:1      | Reached XP level 2. HP: 17/21 MP: 1/6
   754 | D:1      | Learned a level 2 spell: Blink
   757 | D:1      | Learned a level 2 spell: Call Imp
   760 | D:1      | Learned a level 2 spell: Slow
  1075 | D:1      | Reached skill level 1 in Summonings
  1512 | D:2      | Reached XP level 3. HP: 27/27 MP: 4/7
  2708 | D:2      | Reached XP level 4. HP: 35/35 MP: 3/9
  3571 | D:3      | HP: 1/35 [wyvern zombie (11)]
  3572 | D:3      | Mangled by a wyvern zombie

Illustrated notes

Levels and vault maps discovered:
D:1:      dpeg_arrival_water_fire, layout_rooms, minmay_heptomino_w4
D:2:      layout_basic
D:3:      layout_basic, nicolae_overflow_hidden_temple,
          overflow_temple_1_default

Skill      XL: |  1  2 |
---------------+-------+-----
Conjurations   | 1 2 |  2.6
Summonings     | 1 |  1.4
Dodging        | |  1.5
Stealth        | |  1.2
Spellcasting   | |  3.5
Translocations | |  1.7

Action                   |  1- 3 |  4- 6 || total
-------------------------+-------+-------++-------
Melee: Dagger            |    99 |    11 ||   110
       Tailslap          |     3 |     3 ||     6
 Cast: Magic Dart        |   102 |    14 ||   116
       Call Imp          |     3 |     7 ||    10
 Abil: Rolling Charge    |     3 |       ||     3
  Use: Potion            |       |     1 ||     1
 Stab: Sleeping          |     2 |       ||     2
       Distracted        |       |     1 ||     1
Armor: Robe              |    38 |     3 ||    41
Dodge: Dodged            |    71 |     7 ||    78

Table legend: (Time is in decaauts)
 A = Elapsed time spent in this place.
 B = Non-inter-level travel time spent in this place.
 C = Inter-level travel time spent in this place.
 D = Time resting spent in this place.
 E = Time spent auto-exploring this place.
 F = Levels seen in this place.
 G = Mean time per level.
                   A        B        C        D        E       F      G
               +--------+--------+--------+--------+--------+-----+--------+
         Total |   3569 |   3340 |    229 |   1008 |   1490 |   3 | 1189.7 |
       Dungeon |   3569 |   3340 |    229 |   1008 |   1490 |   3 | 1189.7 |
               +--------+--------+--------+--------+--------+-----+--------+

Top non-repeatable levels by time:
     D:2: 1638 daAuts
     D:1: 1487 daAuts
     D:3: 443 daAuts
